 Dungeon Crawl Stone Soup version 0.31-a0-188-g5e087ee2ca (webtiles) character file.

Game seed: 8869589159241527934

52 qw the Shooter (level 3, 0/20 HPs)
             Began as a Deep Elf Hunter on June 22, 2023.
             Slain by a gnoll
             ... wielding a +0 spear
              (4 damage)
             ... on level 2 of the Dungeon.
             The game lasted 00:00:22 (954 turns).

qw the Shooter (Deep Elf Hunter)                     Turns: 954, Time: 00:00:23

Health: 0/20       AC:  3    Str: 10    XL:     3   Next: 60%
Magic:  5/5        EV: 12    Int: 13    God:
Gold:   78         SH:  0    Dex: 18    Spells: 2/2 levels left

rFire   . . .        Y - +0 shortbow (freeze)
rCold   . . .        (shield currently unavailable)
rNeg    . . .        c - +0 leather armour
rPois   .            (no helmet)
rElec   .            (no cloak)
rCorr   .            (no gloves)
SInv    .            (no boots)
Will    .....        (no amulet)
Stlth   ++           (no ring)
HPRegen 0.23/turn    (no ring)
MPRegen 0.09/turn

%: no passive effects
@: about to teleport
A: no striking features
a: no special abilities


You were on level 2 of the Dungeon.
You visited 1 branch of the dungeon, and saw 2 of its levels.

You collected 78 gold pieces.


   Skills:
 - Level 1.5 Fighting
 + Level 7.1 Ranged Weapons
 - Level 2.4 Dodging
 - Level 1.2 Stealth


You had 2 spell levels left.
You didn't know any spells.
Your spell library was empty.

Inventory:

Hand Weapons
 Y - a +0 shortbow of freezing (weapon)
Armour
 c - a +0 leather armour (worn)
Scrolls
 b - 2 scrolls of silence {unknown}
Potions
 d - a potion of curing {unknown}
 h - a potion of mutation {unknown}
 j - a potion of heal wounds {unknown}

Dungeon Overview and Level Annotations

Branches:
Dungeon (2/15)

Altars:


Message History

The gnoll is lightly wounded.
The gnoll shouts!
The kobold shouts!
The gnoll shouts!
You hear an angry hiss.
The gnoll enters a dispersal trap!
The gnoll blinks!
The kobold blinks!
The gnoll blinks! x2; You blink.
Found 6 stones.
The gnoll blinks!
Enter note:
Enter note:
Enter note:
Enter note: You shoot an arrow.
The arrow barely misses the frilled lizard.
The arrow hits the gnoll!
The arrow freezes the gnoll.
You kill the gnoll!
The frilled lizard bites you.
Your Ranged Weapons skill increases to level 7!
You shoot an arrow. The arrow hits the frilled lizard.
The frilled lizard seems to slow down.
The arrow freezes the frilled lizard.
You kill the frilled lizard!
The gnoll barely misses you.
You shoot an arrow. The arrow closely misses the kobold.
The arrow barely misses the gnoll.
The kobold barely misses you.
The gnoll hits you from afar with a +0 spear!
You shoot an arrow.
The arrow hits the kobold but does no damage.
The gnoll hits you from afar with a +0 spear.
The kobold hits you but does no damage.
The gnoll hits you from afar with a +0 spear.
You shoot an arrow. The arrow hits the kobold.
The arrow freezes the kobold.
You kill the kobold!
The gnoll completely misses you. The gnoll barely misses you.
You shoot an arrow. The arrow closely misses the gnoll.
The arrow hits the gnoll.
The arrow freezes the gnoll.
The gnoll is heavily wounded.
The gnoll closely misses you.
The gnoll hits you from afar with a +0 spear.
954 ||| READING scroll of teleportation.
As you read the scroll of teleportation, it crumbles to dust.
You feel strangely unstable.
The gnoll hits you from afar with a +0 spear.
You die...

##..........#
##..........# #.
..........<.# #.
(.#####.##### #. ..#
#..# #.
..######.####.#.#######(
..+...........#.........
..######'######...g.....
..#.......# #.@)g.....
..#.......#####.^.......
..#.......'g..g.........
###.......#####.........
#.......## ##########
####+##...#
#....####'####
#.<..##......## #..
#....##.......### #..


You could see 3 gnolls.

Vanquished Creatures
  A gnoll (D:2)
  An adder (D:2)
  A worm (D:2)
  A dart slug (D:1)
  4 bats
  2 endoplasms
  4 goblins
  4 hobgoblins
  2 ball pythons (D:2)
  2 frilled lizards
  6 kobolds
  2 rats
  A spectral goblin (D:1)
31 creatures vanquished.

Notes
Turn   | Place    | Note
-------+----------+-------------------------------------------
     0 | D:1      | qw the Deep Elf Hunter began the quest for the Orb.
     0 | D:1      | Reached XP level 1. HP: 12/12 MP: 3/3
     0 | D:1      | 0 ||| qw: Version: 0.3-a-9-g12657ce
     0 | D:1      | 0 ||| qw: Game counter: 3011
     0 | D:1      | 0 ||| qw: Always use a shield: true
     0 | D:1      | 0 ||| qw: God list: Okawaru
     0 | D:1      | 0 ||| qw: Allow faded altars: false
     0 | D:1      | 0 ||| qw: Do Orc after D:15 true
     0 | D:1      | 0 ||| qw: Do second Lair branch before Depths: true
     0 | D:1      | 0 ||| qw: Lair rune preference: random
     0 | D:1      | 0 ||| qw: Plans: Normal
     0 | D:1      | 0 ||| PLANNING D:1-11
   222 | D:1      | Reached XP level 2. HP: 16/16 MP: 4/4
   224 | D:1      | Reached skill level 6 in Ranged Weapons
   362 | D:1      | Found a faded altar of an unknown god.
   608 | D:1      | 608 ||| READING scroll labelled HUOSCH MEITOKHLE.
   609 | D:1      | 609 ||| READING scroll labelled YBYSKU NIVEFEF.
   610 | D:1      | 610 ||| READING scroll labelled TIFOANOGUSY.
   611 | D:1      | 611 ||| READING scroll labelled YHAOXU HENG.
   615 | D:1      | 615 ||| READING scroll labelled LIVIR GEGU.
   645 | D:1      | 645 ||| DROPPING scroll of butterflies.
   699 | D:2      | Reached XP level 3. HP: 20/20 MP: 5/5
   949 | D:2      | Reached skill level 7 in Ranged Weapons
   953 | D:2      | HP: 4/20 [gnoll/+0 spear (4)]
   954 | D:2      | 954 ||| READING scroll of teleportation.
   954 | D:2      | Slain by a gnoll

Levels and vault maps discovered:
D:1:      lemuel_arrival_tunnels, layout_rooms,
          dreamdust_ecumenical_altar_drowned_temple,
          wander_ebering_terrifying_dragon_lair
D:2:      layout_basic, serial_shops, shop

Skill      XL: |  1  2  3 |
---------------+----------+-----
Ranged Weapons | 6 7 |  7.1
Fighting       | |  1.5
Dodging        | |  2.4
Stealth        | |  1.2

Action                     || total
---------------------------++-------
   Fire: Shortbow          ||    75
    Use: Scroll            ||     6
 Armour: Leather armour    ||    11
  Dodge: Dodged            ||    34

Table legend:
 A = Non-vault XP
 B = Vault XP
 C = Vault XP percentage of total XP
 D = Non-vault monster count
 E = Vault monster count
 F = Vault count percentage of total count
                 A         B        C        D         E       F
            +---------+---------+-------+---------+---------+-------
      Total |      73 |       2 |   2.7 |      29 |       2 |   6.5
            +---------+---------+-------+---------+---------+-------
        D:1 |      23 |       2 |   8.0 |      13 |       2 |  13.3
        D:2 |      50 |       0 |   0.0 |      16 |       0 |   0.0
            +---------+---------+-------+---------+---------+-------
